Map: Яганната РВ

Players

GeNieS - Winner!

  • Race: Protoss Protoss
  • League: Master
  • Spawn Location: 1:00

Ziggy

  • Race: Terran Terran
  • League: Grandmaster
  • Spawn Location: 7:00

VOD

Have the link to the VOD?

Description

Time

  • Played on: Feb. 8, 2021, 8:21 a.m.
  • Length: 8:50
Show
View Real Time Build Order
Export as new Build Order

GeNieS Protoss - Winner!

Build Orders: Dark Templar Rush 

Get SALT Encoding   

  12  0:00  Probe  
  13  0:12  Probe  
  14  0:17  Pylon  
  14  0:25  Probe  
  15  0:35  Gateway  
  15  0:38  Probe  
  16  0:45  Assimilator  
  16  0:50  Probe  
  16  0:56  Pylon  
  17  1:02  Probe  
  18  1:16  Gateway  
  19  1:22  Cybernetics Core  
  18  1:31  Zealot  
  20  1:34  Probe  
  20  1:39  Assimilator  
  21  1:46  Probe  
  22  1:58  Probe  
  23  2:02  Stalker (Chrono Boost)  
  23  2:06  Stalker (Chrono Boost)  
  27  2:09  Warp Gate (Chrono Boost)  
  27  2:11  Probe  
  28  2:20  Stalker (Chrono Boost)  
  28  2:23  Probe  
  31  2:46  Twilight Council  
  31  2:59  Nexus  
  31  3:13  Pylon  
  31  3:24  Dark Shrine  
  31  3:26  Probe  
  28  3:38  Probe  
  29  3:50  Stalker x2, Probe  
  32  4:03  Probe  
  33  4:11  Probe  
  33  4:15  Probe (Chrono Boost)  
  35  4:17  Stalker x2  
  35  4:19  Blink (Chrono Boost)  
  35  4:24  Probe (Chrono Boost)  
  41  4:33  Probe (Chrono Boost)  
  41  4:34  Probe (Chrono Boost)  
  41  4:35  Robotics Facility  
  42  4:38  Probe (Chrono Boost)  
  42  4:39  Probe (Chrono Boost)  
  42  4:43  Pylon  
  44  4:46  Stalker x2  
  44  4:50  Probe  
  44  4:51  Probe  
  50  4:58  Pylon  
  50  5:02  Probe  
  51  5:17  Probe x2  
  51  5:18  Stalker x2  
  57  5:27  Robotics Bay  
  57  5:29  Probe  
  57  5:31  Assimilator x2  
  57  5:32  Pylon  
  52  5:47  Probe  
  52  5:48  Probe  
  52  5:49  Warp Prism (Chrono Boost)  
  54  5:59  Probe  
  54  6:00  Sentry x2  
  54  6:01  Probe  
  54  6:02  Pylon  
  60  6:04  Pylon  
  60  6:11  Probe  
  60  6:13  Probe  
  62  6:19  Colossus (Chrono Boost)  
  68  6:27  Extended Thermal Lance  
  68  6:32  Gateway  
  68  6:33  Gateway  
  68  6:36  Gateway  
  68  6:38  Gateway  
  68  6:42  Charge (Chrono Boost)  
  68  6:56  Stalker x2  
  68  6:59  Pylon  
  72  7:01  Pylon  
  72  7:04  Observer (Chrono Boost)  
  73  7:10  Gateway  
  73  7:14  Colossus (Chrono Boost)  
  73  7:22  Stalker x2  
  83  7:28  Pylon  
  83  7:31  Stalker x2  
  87  7:46  Stalker x3  
  87  7:49  Pylon  
  93  8:03  Zealot x3  
  93  8:05  Disruptor  
  102  8:10  Zealot  
  103  8:27  Zealot x6  
  101  8:45  Zealot  
  101  8:47  Zealot  
  101  8:48  Zealot x4  
Show
View Real Time Build Order
Export as new Build Order

Ziggy Terran 

Build Orders: Reaper Expand 

Get SALT Encoding   

  12  0:00  SCV  
  13  0:12  SCV  
  14  0:18  Supply Depot  
  14  0:24  SCV  
  15  0:40  SCV  
  15  0:41  Barracks  
  16  0:47  Refinery  
  16  0:52  SCV  
  17  1:04  SCV  
  18  1:16  SCV  
  19  1:29  Orbital Command  
  19  1:31  Reaper  
  20  1:47  Command Center  
  20  1:55  SCV  
  21  2:03  Supply Depot  
  21  2:07  SCV  
  21  2:08  Barracks Reactor  
  22  2:13  Barracks  
  22  2:19  SCV  
  23  2:31  SCV  
  23  2:32  Bunker  
  24  2:41  Barracks  
  24  2:43  SCV  
  25  2:44  Marine x2  
  27  2:57  SCV  
  28  3:02  Marine x2, Barracks Tech Lab  
  29  3:19  Supply Depot  
  26  3:20  Marine x2  
  26  3:26  Marauder  
  28  3:32  Marine  
  29  3:36  SCV  
  29  3:38  Marine  
  29  3:40  SCV  
  32  3:47  Stimpack  
  31  3:49  SCV  
  32  3:56  Marine x2  
  32  3:59  Barracks Tech Lab  
  34  4:03  SCV  
  34  4:10  Engineering Bay  
  34  4:13  Orbital Command  
  34  4:16  SCV  
  35  4:21  Combat Shield  
  35  4:31  SCV  
  36  4:34  Orbital Command  
  36  4:36  Marine, Marauder  
  39  4:42  Missile Turret  
  39  4:47  SCV, Marine  
  43  5:01  SCV  
  43  5:02  SCV  
  43  5:04  Marine  
  41  5:07  Marine  
  41  5:12  Bunker  
  38  5:14  SCV  
  38  5:16  Marine  
  38  5:22  SCV  
  38  5:25  Marine  
  38  5:26  SCV  
  41  5:34  SCV  
  41  5:38  SCV, Marine  
  34  5:44  Marine  
  34  5:46  SCV  
  32  5:50  SCV  
  32  5:55  Concussive Shells  
  33  5:58  SCV  
  33  5:59  Marine  
  33  6:03  Marauder  
  39  6:04  Marine, Marauder  
  39  6:05  SCV  
  39  6:10  SCV  
  42  6:16  Factory  
  42  6:17  SCV  
  43  6:23  SCV, Bunker  
  43  6:24  Marauder  
  43  6:25  Marauder  
  48  6:26  Marine x2  
  48  6:29  SCV, Missile Turret  
  51  6:34  Supply Depot, Terran Infantry Weapons Level 1  
  51  6:35  SCV  
  52  6:41  SCV  
  52  6:42  Supply Depot  
  52  6:44  Marine  
  54  6:50  Refinery  
  54  6:55  SCV x2, Marine, Marauder  
  54  6:57  Refinery  
  54  7:00  Factory Reactor, Starport  
  59  7:03  Marine x2  
  59  7:07  SCV  
  63  7:08  SCV  
  63  7:16  Marine  
  63  7:17  Marauder  
  63  7:19  SCV  
  63  7:20  Supply Depot, SCV  
  68  7:23  Supply Depot  
  68  7:26  Marine  
  69  7:31  SCV  
  70  7:42  SCV, Medivac, Marauder  
  70  7:44  SCV  
  76  7:46  Factory Reactor, Medivac  
  78  7:54  SCV  
  78  7:55  Supply Depot, Marine  
  78  7:56  SCV, Marine, Supply Depot  
  82  8:00  Marauder  
  84  8:06  SCV  
  84  8:07  Refinery  
  84  8:08  SCV  
  86  8:17  Medivac x2  
  86  8:18  Supply Depot, Marine x2  
  86  8:19  Marine  
  93  8:21  SCV  
  96  8:27  Marauder  
  96  8:28  SCV  
Tags
 
Add a new tag
Caveats
  • Supply blocks, unpowered buildings, or Contaminate may cause inaccurate times.
  • Supply counts are checked every 10 seconds.